 Dungeon Crawl Stone Soup version 0.21-a0-396-ga924934 (webtiles) character file.

23 Mitsuki the Magician (level 2, 0/19 HPs)
             Began as a Demonspawn Wizard on Oct 19, 2017.
             Slain by a worm (7 damage)
             ... on level 2 of the Dungeon.
             The game lasted 00:01:49 (1149 turns).

Mitsuki the Magician (Demonspawn Wizard)            Turns: 1149, Time: 00:01:49

Health: 0/19       AC:  2    Str:  7    XL:     2   Next: 72%
Magic:  0/6        EV: 12    Int: 19    God:
Gold:   32         SH:  0    Dex: 11    Spells: 4/7 levels left

rFire    . . .     SeeInvis .   e - +0 mace
rCold    . . .     Gourm    .   (no shield)
rNeg     . . .     Faith    .   a - +0 robe
rPois    .         Spirit   .   b - +0 hat
rElec    .         Reflect  .   (no cloak)
rCorr    .         Harm     .   (no gloves)
MR       .....                  (no boots)
Stlth    ++........             (no amulet)
HPRegen  0.06/turn              (no ring)
MPRegen  0.10/turn              (no ring)

@: no status effects
A: rot immunity
a: no special abilities


You were on level 2 of the Dungeon.
You were not hungry.

You visited 1 branch of the dungeon, and saw 2 of its levels.

You collected 32 gold pieces.

Inventory:

Hand Weapons
 e - a +0 mace (weapon)
Armour
 a - a +0 robe (worn)
 b - a +0 hat (worn)
Scrolls
 g - a scroll of enchant armour {unknown}
 k - a scroll of immolation {unknown}
Potions
 h - 4 potions of curing {unknown}
 i - a potion of agility {unknown}
Books
 c - a book of Minor Magic

   Spells                             Type                      Level
   a - Magic Dart                     Conjuration                  1
   b - Blink                          Translocation                2
   c - Call Imp                       Summoning                    2
   d - Slow                           Hexes                        2
   e - Conjure Flame                  Conjuration/Fire             3
   f - Mephitic Cloud                 Conjuration/Poison/Air       3
Comestibles
 d - a bread ration
 f - 2 chunks of flesh
 j - a meat ration


   Skills:
 - Level 1.7 Dodging
 - Level 1.7 Stealth
 + Level 3.4 Spellcasting
 + Level 2.0 Conjurations
   Level 1.0 Summonings
 - Level 0.8 Translocations


You had 4 spell levels left.
You knew the following spells:

 Your Spells              Type           Power        Failure   Level  Hunger
a - Magic Dart            Conj           ##..         6%          1    None
b - Blink                 Tloc           N/A          16%         2    ##.....


Dungeon Overview and Level Annotations

Branches:
Dungeon (2/15)

Altars:


Innate Abilities, Weirdness & Mutations

You are immune to rotting.


Message History

You are too injured to fight recklessly!
You are too injured to fight recklessly!
You are too injured to fight recklessly!
Casting: Magic Dart
Confirm with . or Enter, or press ? or * to list all spells.
Aiming: Magic Dart
Press: ? - help, Shift-Dir - straight line, f/p - worm
Aim: a worm (severely wounded)
The magic dart hits the worm.
The worm is severely wounded.
* * * LOW MAGIC WARNING * * *
You now have 0/6 mp.
You barely miss the worm.
The worm is severely wounded.
The worm bites you.
You take 1 damage, and have 7/19 hp.
You barely miss the worm.
The worm is severely wounded.
The worm bites you!
You die...

#.# #.# #.# #.#
#.#### #.#.. #[#.###
#########.#.#.#.#...
............@....>..
##.###.#.###w#.###.
#<(.#... ...
#########.....
.....# .....# .....#
##+#=#


You could see a worm.

Vanquished Creatures
  2 leopard geckos (D:1)
  2 giant cockroaches
  A hobgoblin (D:1)
  3 kobolds (D:1)
  2 ball pythons (D:1)
  4 bats (D:1)
  A frilled lizard (D:1)
  3 goblins (D:1)
  3 rats (D:1)
21 creatures vanquished.

Notes
Turn   | Place    | Note
-------+----------+-------------------------------------------
     0 | D:1      | Mitsuki the Demonspawn Wizard began the quest for the Orb.
     0 | D:1      | Reached XP level 1. HP: 13/13 MP: 4/4
   406 | D:1      | Gained mutation: You are immune to rotting. [demonic ancestry]
   406 | D:1      | Reached XP level 2. HP: 19/19 MP: 1/6
   471 | D:1      | Learned a level 2 spell: Blink
  1149 | D:2      | Slain by a worm

Vault maps used:
D:1:      dpeg_arrival_round_b
D:2:      nemelex_altar_shiori, minmay_split_cup_large, uniq_terence

Skill      XL: |  1  2 |
---------------+-------+-----
Conjurations   | 2 |  2.0
Dodging        | |  1.7
Stealth        | |  1.7
Spellcasting   | |  3.4
Summonings     | |  1.0
Translocations | |  0.8

Action                   || total
-------------------------++-------
Melee: Mace              ||    26
 Cast: Magic Dart        ||    43
  Eat: Chunk             ||     1
Armor: Robe              ||    10
Dodge: Dodged            ||    21

Table legend:
 A = Spawn XP
 B = Non-spawn XP
 C = Spawn XP percentage of total XP
 D = Spawn monster count
 E = Non-spawn monster count
 F = Spawn count percentage of total count
 G = Total turns spent on level
                    A         B        C        D         E        F      G
               +---------+---------+-------+---------+---------+-------+---------
         Total |       0 |      33 |   0.0 |       0 |      21 |   0.0 |  1149
               +---------+---------+-------+---------+---------+-------+---------
           D:1 |       0 |      31 |   0.0 |       0 |      20 |   0.0 |  1097
           D:2 |       0 |       2 |   0.0 |       0 |       1 |   0.0 |    52
               +---------+---------+-------+---------+---------+-------+---------
